 Dungeon Crawl Stone Soup version 0.30.1-3-gfc49f6343a (webtiles) character file.

Game seed: 9061435736988485344

278 jtron the Blocker (level 6, -3/44 HPs)
             Began as a Gnoll Wanderer on Aug 8, 2023.
             Slain by a wight
             ... wielding a +1 trident
              (5 damage)
             ... on level 4 of the Dungeon.
             The game lasted 00:09:02 (2649 turns).

jtron the Blocker (Gnoll Wanderer)                  Turns: 2649, Time: 00:09:03

Health: -3/44      AC: 11    Str: 15    XL:     6   Next: 26%
Magic:  8/9        EV:  9    Int: 12    God:
Gold:   94         SH:  7    Dex:  9    Spells: 9/9 levels left

rFire   . . .        a - +1 war axe
rCold   . . .        b - +2 buckler {AC+3}
rNeg    . . .        c - +0 scale mail
rPois   .            (no helmet)
rElec   .            (no cloak)
rCorr   .            p - +0 pair of gloves
SInv    .            (no boots)
Will    .....        (no amulet)
Stlth   +            n - ring of wizardry
HPRegen 0.27/turn    (no ring)
MPRegen 0.11/turn

%: wizardry (x1)
@: no status effects
A: fangs 1, strong nose, distributed training
a: no special abilities


You were on level 4 of the Dungeon.
You visited 1 branch of the dungeon, and saw 4 of its levels.

You collected 206 gold pieces.
You spent 112 gold pieces at shops.

Inventory:

Hand Weapons
 a - a +1 war axe (weapon)
 j - a +0 short sword of speed
 s - a +2 dagger of speed
 u - a +1 heavy hand axe
Missiles
 h - 10 poisoned darts (quivered)
 q - 4 boomerangs
Armour
 b - a +2 buckler of protection (worn)
 c - a +0 scale mail (worn)
 p - a +0 pair of gloves (worn)
Jewellery
 n - a ring of wizardry (left hand)
Wands
 k - a wand of flame (12)
Scrolls
 d - a scroll of fear
 g - 2 scrolls of noise
Potions
 e - a potion of berserk rage
 f - 3 potions of curing
 i - a potion of brilliance {unknown}
 l - 2 potions of attraction
 m - 2 potions of heal wounds {unknown}
 o - a potion of haste {unknown}


   Skills:
 + Level 2.0 Fighting
 + Level 2.0 Short Blades
 + Level 2.0 Long Blades
 + Level 5.0 Axes
 + Level 2.0 Maces & Flails
 + Level 2.0 Polearms
 + Level 2.0 Staves
 + Level 2.0 Ranged Weapons
 + Level 2.0 Throwing
 + Level 5.0 Armour
 + Level 2.0 Dodging
 + Level 3.1 Stealth
 + Level 8.7 Shields
 + Level 2.0 Unarmed Combat
 + Level 2.0 Spellcasting
 + Level 1.5 Conjurations
 + Level 1.5 Hexes
 + Level 1.5 Summonings
 + Level 1.5 Necromancy
 + Level 1.5 Translocations
 + Level 1.5 Transmutations
 + Level 1.5 Fire Magic
 + Level 1.5 Ice Magic
 + Level 1.5 Air Magic
 + Level 1.5 Earth Magic
 + Level 1.5 Poison Magic
 + Level 2.1 Invocations
 + Level 3.2 Evocations


You had 9 spell levels left.
You didn't know any spells.
Your spell library contained the following spells:

 Spells                   Type           Power      Damage    Failure   Level
 Freeze                   Ice            16%        1d4       26%         1
 Shock                    Conj/Air       16%        1d4       26%         1
 Frozen Ramparts          Ice            8%         1d2       56%         3
 Hailstorm                Conj/Ice       4%         3d4       56%         3
 Swiftness                Air            4%         N/A       56%         3
 Airstrike                Air            2%         2d(1-17)  91%         4


Dungeon Overview and Level Annotations

Branches:
Dungeon (4/15)
 Temple: D:4-7

Altars:
Sif Muna

Shops:
D:2 ?!*?


Innate Abilities, Weirdness & Mutations

You have very sharp teeth.
Your uncanny sense of smell can sniff out nearby items.
Your experience applies equally to all skills.


Message History

The wight misses you. The wight barely misses you.
The wight closely misses you.
You slash the wight!
You destroy the wight!
The wight hits you from afar with a +2 spear of freezing.
You feel drained. The wight freezes you.
The wight hits you from afar with a +1 trident!
Your life force feels restored.
Your Fighting skill increases to level 2!
Your Short Blades skill increases to level 2!
Your Long Blades skill increases to level 2!
Your Axes skill increases to level 5!
Your Maces & Flails skill increases to level 2!
Your Polearms skill increases to level 2!
Your Staves skill increases to level 2!
Your Ranged Weapons skill increases to level 2!
Your Throwing skill increases to level 2!
Your Armour skill increases to level 5!
Your Dodging skill increases to level 2!
Your Unarmed Combat skill increases to level 2!
Your Spellcasting skill increases to level 2!
The wight hits you with a +1 trident!
You barely miss the wight. The wight barely misses you. x2
The wight hits you with a +1 trident.
You barely miss the wight. You closely miss the wight.
You block the wight's attack. The wight hits you with a +1 trident!
* * * LOW HITPOINT WARNING * * *
You block the wight's attack.
You slash the wight!
The wight is heavily damaged.
You hit the wight but do no damage. The wight barely misses you.
The wight completely misses you. The wight hits you with a +1 trident.
* * * LOW HITPOINT WARNING * * *
You closely miss the wight. You hit the wight. The wight closely misses you.
You block the wight's attack. x2
You hit the wight but do no damage. Your bite misses the wight.
The wight is severely damaged.
You barely miss the wight. The wight barely misses you.
The wight hits you with a +1 trident.
You die...

#######
........#
........#
....z...#
........#
........######
...........zz#
...........#@#
........##.#.#
........##.z.#
........######
........#
#########


You could see 3 wights.

Vanquished Creatures
  A scorpion (D:4)
  A wight (D:4)
  2 orc wizards (D:3)
  2 adders (D:2)
  2 worms (D:2)
  3 dart slugs
  2 orcs
  3 bats
  8 endoplasms
  13 giant cockroaches
  8 goblins
  9 hobgoblins
  5 kobolds
  6 quokkas
  7 ball pythons
  4 frilled lizards
  6 rats
82 creatures vanquished.

Notes
Turn   | Place    | Note
-------+----------+-------------------------------------------
     0 | D:1      | jtron the Gnoll Wanderer began the quest for the Orb.
     0 | D:1      | jtron set off with the following items: a +0 hand axe, a +0
                  | buckler of protection, a +0 scale mail, a scroll of fear.
     0 | D:1      | Reached XP level 1. HP: 13/13 MP: 1/1
   136 | D:1      | Reached XP level 2. HP: 19/19 MP: 2/2
   530 | D:1      | Reached XP level 3. HP: 22/25 MP: 3/3
   775 | D:2      | Reached skill level 1 in Invocations
   817 | D:2      | Reached skill level 1 in Fighting
   817 | D:2      | Reached skill level 1 in Short Blades
   817 | D:2      | Reached skill level 1 in Long Blades
   817 | D:2      | Reached skill level 1 in Maces & Flails
   817 | D:2      | Reached skill level 1 in Polearms
   817 | D:2      | Reached skill level 1 in Staves
   817 | D:2      | Reached skill level 1 in Ranged Weapons
   817 | D:2      | Reached skill level 1 in Throwing
   817 | D:2      | Reached skill level 1 in Dodging
   817 | D:2      | Reached skill level 1 in Unarmed Combat
   817 | D:2      | Reached skill level 1 in Spellcasting
   947 | D:2      | Found Hapney's Magic Scroll Emporium.
   954 | D:2      | Bought a scroll of enchant armour for 90 gold pieces
   991 | D:2      | Found Giveapsa's General Store.
  1029 | D:2      | Reached XP level 4. HP: 14/32 MP: 5/5
  1242 | D:2      | Found Zuicog's Distillery.
  1257 | D:2      | Found Izuebb's Magic Scroll Boutique.
  1263 | D:2      | Bought a scroll of identify for 22 gold pieces
  1393 | D:2      | Reached skill level 1 in Conjurations
  1393 | D:2      | Reached skill level 1 in Hexes
  1393 | D:2      | Reached skill level 1 in Summonings
  1393 | D:2      | Reached skill level 1 in Necromancy
  1393 | D:2      | Reached skill level 1 in Translocations
  1393 | D:2      | Reached skill level 1 in Transmutations
  1393 | D:2      | Reached skill level 1 in Fire Magic
  1393 | D:2      | Reached skill level 1 in Ice Magic
  1393 | D:2      | Reached skill level 1 in Air Magic
  1393 | D:2      | Reached skill level 1 in Earth Magic
  1393 | D:2      | Reached skill level 1 in Poison Magic
  2035 | D:3      | Found a shimmering blue altar of Sif Muna.
  2053 | D:3      | Reached XP level 5. HP: 36/37 MP: 7/7
  2592 | D:4      | Reached XP level 6. HP: 42/44 MP: 8/8
  2644 | D:4      | Reached skill level 5 in Axes
  2644 | D:4      | Reached skill level 5 in Armour
  2647 | D:4      | HP: 2/44 [wight/+1 trident (6)]
  2649 | D:4      | Slain by a wight

Illustrated notes

Levels and vault maps discovered:
D:1:      minmay_arrival_nine_rooms, layout_loops_ring, minmay_pentomino_q2
D:2:      layout_rooms, serial_shops, nicolae_shop_crystal, shop, shop,
          nicolae_shop_hallway_plus, due_unseen_surprise
D:3:      minmay_roachtagon, layout_loops_cross, kennysheep_orc_sif_temple
D:4:      kennysheep_six_static_rooms, layout_basic

Skill      XL: |  1  2  3  4  5  6 |
---------------+-------------------+-----
Invocations    | 1 2 |  2.1
Fighting       | 1 2 |  2.0
Short Blades   | 1 2 |  2.0
Long Blades    | 1 2 |  2.0
Maces & Flails | 1 2 |  2.0
Polearms       | 1 2 |  2.0
Staves         | 1 2 |  2.0
Ranged Weapons | 1 2 |  2.0
Throwing       | 1 2 |  2.0
Dodging        | 1 2 |  2.0
Unarmed Combat | 1 2 |  2.0
Spellcasting   | 1 2 |  2.0
Conjurations   | 1 |  1.5
Hexes          | 1 |  1.5
Summonings     | 1 |  1.5
Necromancy     | 1 |  1.5
Translocations | 1 |  1.5
Transmutations | 1 |  1.5
Fire Magic     | 1 |  1.5
Ice Magic      | 1 |  1.5
Air Magic      | 1 |  1.5
Earth Magic    | 1 |  1.5
Poison Magic   | 1 |  1.5
Evocations     | 3 |  3.2
Stealth        | 3 |  3.1
Axes           | 5 |  5.0
Armour         | 5 |  5.0
Shields        | |  8.7

Action                     |  1- 3 |  4- 6 || total
---------------------------+-------+-------++-------
  Melee: Hand axe          |   118 |   170 ||   288
         Bite              |     6 |    21 ||    27
         War axe           |       |    26 ||    26
  Throw: Dart              |     3 |       ||     3
    Use: Scroll            |     2 |    10 ||    12
 Armour: Scale mail        |    40 |    84 ||   124
  Dodge: Dodged            |    36 |    82 ||   118
  Block: Buckler           |    27 |    74 ||   101
